 Dungeon Sprint DCSS version 0.16.2-12-gd0ad4c3 (webtiles) character file.

54 musteatbrain the Chopper (level 5, -2/46 HPs)
             Began as a Demonspawn Berserker on Oct 15, 2015.
             Was an Elder of Trog.
             Slain by a jumping spider (12 damage)
             ... in the Dungeon (Sprint VI: "Thunderdome").
             The game lasted 00:02:48 (392 turns).

musteatbrain the Chopper (Demonspawn Berserker)      Turns: 392, Time: 00:02:48

Health: -2/46      AC:  2    Str: 21    XL:     5   Next: 88%
Magic:  14/14      EV: 14    Int:  8    God:    Trog [****..]
Gold:   100        SH:  0    Dex: 13    Spells: 0 memorised, 4 levels left

rFire  x . .     SeeInvis +     a - +0 hand axe
rCold  . . .     Clarity  .     b - +0 animal skin
rNeg   . . .     SustAb   .     (no shield)
rPois  +         Gourm    .     (no helmet)
rElec  .         Spirit   .     (no cloak)
rCorr  .         Warding  .     (no gloves)
rMut   .         NoTele   +     (no boots)
MR     .....                    (no amulet)
Stlth  ++........               q - ring of the Catamount {rPois rF- MP+9 Slay+2 Stlth+}
                                p - ring of Vehumet's Favour {Str+3 Slay+4 SInv}

@: not resistant to hostile enchantments, unstealthy
A: hooves 1
a: Burn Spellbooks, Berserk, Trog's Hand, Brothers in Arms, Renounce Religion


You were in the Dungeon.
You worshipped Trog.
Trog was greatly pleased with you.
You were not hungry.

You visited 1 branch You collected 280 gold pieces.
You spent 180 gold pieces at shops.

Inventory:

Hand weapons
 a - a +0 hand axe (weapon)
Armour
 b - a +0 animal skin (worn)
Jewellery
 p - the ring of Vehumet's Favour (left hand) {Str+3 Slay+4 SInv}
   (You bought it in a shop in the Dungeon)

   [ring of slaying]

   It affects your strength (+3).
   It affects your accuracy and damage with ranged weapons and melee attacks
   (+4).
   It enhances your eyesight.
 q - the ring of the Catamount (right hand) {rPois rF- MP+9 Slay+2 Stlth+}
   (You bought it in a shop in the Dungeon)

   [ring of stealth]

   It affects your accuracy and damage with ranged weapons and melee attacks
   (+2).
   It makes you vulnerable to fire.
   It protects you from poison.
   It affects your magic capacity (+9).
   It makes you more stealthy.
Magical devices
 k - a wand of cold (5)
 l - a wand of fire (5)
Scrolls
 i - 4 scrolls of blinking
 m - 3 scrolls of fog
Potions
 d - a potion of curing
 e - 4 potions of heal wounds
 f - 4 potions of haste
 g - 2 potions of magic
 h - a potion of berserk rage
 j - a potion of resistance
Comestibles
 c - a bread ration


   Skills:
 + Level 6.2 Fighting
 * Level 7.6 Axes
 + Level 5.2 Armour
 + Level 5.2 Dodging


You had 4 spell levels left.
You didn't know any spells.

Dungeon Overview and Level Annotations

Branches:
Dungeon (1/1)

Altars:
Cheibriados
Fedhas
Gozag
Makhleb
Okawaru
Qazlal
Ru
Sif Muna
Trog
Vehumet
Xom
Jiyva

Shops:
D *[%???:(!


Innate Abilities, Weirdness & Mutations

You have large cloven feet.


Message History

The spider misses you. The spider closely misses you.
A jumping spider comes into view.
The jumping spider hisses angrily.
You slash the spider!
You kill the spider!
Trog accepts your kill.
Your Fighting skill increases to level 6!
Your Axes skill increases to level 7!
Your Armour skill increases to level 5!
Your Dodging skill increases to level 5!
The jumping spider leaps!
You start resting.
A jumping spider is nearby!
The jumping spider leaps!
The jumping spider pounces on you!
You are caught in a web!
The jumping spider bites you.
* * * LOW HITPOINT WARNING * * *
There is a web, spattered with blood here.
You see here a giant gecko skeleton.
You disentangle yourself.
The jumping spider pounces on you!
You die...

##∩...))∩## #∩..[....∩#
#_......._# #........_#
#_)......_# ###.........###
#⌠†.........)⌠#
######[8.......).8.#####
##∩_._.s@...###......_._∩
###∩........8.# #.8........
##..........†..###..........
#⌠..........###...###.......
#⌠..........# #.<.# ......
#⌠..........###...# .....
##.............###.......
###∩........8.# .8....
##∩.__......# .....


You could see a jumping spider.

Vanquished Creatures
  A spider (D)
  An orc priest (D)
  Terence (D)
  An adder (D)
  5 orcs (D)
  A giant gecko (D)
  A giant newt (D)
  A goblin (D)
12 creatures vanquished.

Vanquished Creatures (collateral kills)
  2 spiders (D)
2 creatures vanquished.

Grand Total: 14 creatures vanquished

Notes
Turn   | Place    | Note
--------------------------------------------------------------
     0 | D        | musteatbrain, the Demonspawn Berserker, began the quest for the Orb.
     0 | D        | Reached XP level 1. HP: 18/18 MP: 1/1
     1 | D        | Found a sacrificial altar of Ru.
     1 | D        | Found an iron altar of Okawaru.
     2 | D        | Found an opulent altar of Gozag.
     4 | D        | Found Klouf's Advanced Armour.
     4 | D        | Found Plog's Identification Station.
     4 | D        | Found a bloodstained altar of Trog.
     5 | D        | Found a viscous altar of Jiyva.
     5 | D        | Round 1.
     6 | D        | Found Ulaemaesch's Jewellery.
     6 | D        | Found Maugaluma's Bee Food.
    18 | D        | Bought a serpentine graven amulet for 45 gold pieces
    18 | D        | Bought a translucent lead ring for 45 gold pieces
    18 | D        | Bought a warped bone ring for 45 gold pieces
    18 | D        | Bought a clouded wooden ring for 45 gold pieces
    18 | D        | Identified the amulet "Straycenk" {Ward rC+ rN+ Str+2 Dex-2} (You bought it in a shop in the Dungeon)
    22 | D        | Identified the ring "Schoocol" {-Tele rF+ rC+ MP+9 SInv} (You bought it in a shop in the Dungeon)
    26 | D        | Identified the ring of Vehumet's Favour {Str+3 Slay+4 SInv} (You bought it in a shop in the Dungeon)
    27 | D        | Identified the ring of the Catamount {rPois rF- MP+9 Slay+2 Stlth+} (You bought it in a shop in the Dungeon)
    82 | D        | Found a deep blue altar of Sif Muna.
    82 | D        | Noticed Terence
    83 | D        | Found a burning altar of Makhleb.
    84 | D        | Found Ynuat's Magic Scroll Shop.
    97 | D        | Killed Terence
    97 | D        | Gained mutation: You have large cloven feet. [demonic ancestry]
    97 | D        | Reached XP level 2. HP: 13/24 MP: 2/2
   100 | D        | Acquired Trog's second power
   109 | D        | Found Psuymibuso's Magic Scroll Shop.
   110 | D        | Found a stormy altar of Qazlal.
   111 | D        | Found a shimmering altar of Xom.
   112 | D        | Found a radiant altar of Vehumet.
   112 | D        | Found Gran's Staff Store.
   112 | D        | Found Hurofak's Must-Have Magic.
   128 | D        | Found a snail-covered altar of Cheibriados.
   131 | D        | Found a blossoming altar of Fedhas.
   143 | D        | Arena points: 12 (+12) [x2]
   143 | D        | Reached skill level 4 in Axes
   190 | D        | Round 2.
   199 | D        | Reached skill level 5 in Axes
   199 | D        | Reached XP level 3. HP: 24/30 MP: 3/3
   208 | D        | Found Nolaetwo's Distillery.
   238 | D        | Acquired Trog's third power
   238 | D        | Arena points: 54 (+42) [x3]
   297 | D        | Round 3.
   309 | D        | Noticed a spider
   311 | D        | Killed a spider
   311 | D        | Reached skill level 5 in Fighting
   311 | D        | Reached skill level 6 in Axes
   311 | D        | Reached XP level 4. HP: 18/39 MP: 4/4
   340 | D        | Noticed a spider
   341 | D        | Killed a spider
   341 | D        | Reached XP level 5. HP: 24/44 MP: 5/5
   382 | D        | Noticed a spider
   387 | D        | Noticed a jumping spider
   387 | D        | Killed a spider
   387 | D        | Reached skill level 7 in Axes
   387 | D        | Reached skill level 5 in Armour
   387 | D        | Reached skill level 5 in Dodging
   392 | D        | Slain by a jumping spider

Action                   |  1- 3 |  4- 6 || total
-------------------------+-------+-------++-------
Melee: Hand axe          |    37 |     4 ||    41
Invok: Trog's Hand       |     2 |       ||     2
       Brothers in Arms  |     1 |       ||     1
